 Dungeon Crawl Stone Soup version 0.28.0-55-gcd9437bce4 (webtiles) character file.

Game seed: 12446461699668490967

65 Atelerd the Digger (level 4, -3/27 HPs)
             Began as an Octopode Earth Elementalist on Jan 1, 2023.
             Slain by Sigmund
             ... wielding a +0 scythe
              (12 damage)
             ... on level 2 of the Dungeon.
             The game lasted 00:01:06 (2220 turns).

Atelerd the Digger (Octopode Earth Elementalist)    Turns: 2220, Time: 00:01:07

Health: -3/27      AC:  1    Str:  7    XL:     4   Next: 14%
Magic:  8/8        EV: 13    Int: 19    God:
Gold:   94         SH:  0    Dex: 12    Spells: 7/8 levels left

rFire   . . .      SeeInvis .   e - +0 dagger
rCold   . . .      Faith    .   (no shield)
rNeg    . . .      Spirit   .   (helmet restricted)
rPois   .          Reflect  .   (no amulet)
rElec   .          Harm     .   (no ring)
rCorr   .          Rampage  .   (no ring)
Will    .....                   (no ring)
Stlth   ++........              (no ring)
HPRegen 0.09/turn               (no ring)
MPRegen 0.11/turn               (no ring)
                                (no ring)
                                (no ring)

@: confused, brilliant
A: almost no armour, amphibious, 8 rings, camouflage 1, gelatinous body 1,
(nimble swimmer 1), tentacles
a: no special abilities


You were on level 2 of the Dungeon.
You visited 1 branch of the dungeon, and saw 2 of its levels.

You collected 94 gold pieces.

Inventory:

Hand Weapons
 e - a +0 dagger (weapon)
Missiles
 b - 85 stones
Jewellery
 l - an amulet of faith
Scrolls
 a - a scroll of magic mapping {unknown}
 c - 3 scrolls of identify {unknown}
 d - a scroll of silence {unknown}
 f - 3 scrolls of holy word {unknown}
 i - a scroll of teleportation {unknown}
 k - a scroll of enchant armour {unknown}
Potions
 j - a potion of mutation {unknown}
 m - a potion of ambrosia {unknown}


   Skills:
 + Level 0.3 Fighting
 - Level 2.0 Dodging
 - Level 2.6 Stealth
 + Level 2.8 Spellcasting
 + Level 1.0 Transmutations
 * Level 4.2 Earth Magic


You had 7 spell levels left.
You knew the following spells:

 Your Spells              Type           Power      Damage    Failure   Level
a - Sandblast             Erth           56%        2d13      2%          1

Your spell library contained the following spells:

 Spells                   Type           Power      Damage    Failure   Level
 Passwall                 Tmut/Erth      15%        N/A       8%          2
 Magic Dart               Conj           16%        1d3       16%         1
 Stone Arrow              Conj/Erth      32%        3d9       21%         3
 Call Imp                 Summ           4%         N/A       24%         2
 Mephitic Cloud           Conj/Pois/Air  4%         N/A       43%         3
 Petrify                  Tmut/Erth      19%        N/A       45%         4


Dungeon Overview and Level Annotations

Branches:
Dungeon (2/15)

Altars:

Annotations:
D:2 Sigmund


Innate Abilities, Weirdness & Mutations

You cannot wear most types of armour.
You are amphibious.
You can wear up to eight rings at the same time.
Your skin changes colour to match your surroundings (Stealth+).
Your rubbery body absorbs attacks. (AC +1, EV +1)
((You are camouflaged when in or above water. (Stealth+)))
You have tentacles for arms and can constrict up to eight enemies at once.


Message History

No target in view!
You see here a +0 leather armour.
m - a bubbling brown potion
b - 87 stones (gained 22)
A hound skeleton comes into view.
A hound skeleton is nearby!
A hound skeleton is nearby!
The blast of sand hits the hound skeleton!
The hound skeleton is severely damaged.
The hound skeleton misses you. The hound skeleton bites you.
You hit the hound skeleton. You grab the hound skeleton.
The hound skeleton is almost destroyed.
You constrict the hound skeleton. The hound skeleton bites you.
The blast of sand hits the hound skeleton!
You destroy the hound skeleton!
You have reached level 4!
Sigmund the Dreaded comes into view.
He is wielding a +0 scythe.
Sigmund shouts!
Sigmund is nearby!
Sigmund casts a spell at you. The puff of flame hits you!
Sigmund is nearby!
Sigmund is nearby!
Sigmund gestures at you while chanting.
You are confused.
Sigmund is nearby!
Unknown command.
You're too confused to cast spells.
You're too confused to cast spells.
Sorry, you're not good enough to have a special ability.
Unknown command.
Unknown command.
It was a potion of magic.
Magic courses through your body.
Sigmund points at you and mumbles some strange words.
The magic dart hits you!
It was a potion of brilliance.
You feel clever all of a sudden.
Sigmund says, "Now you see me, now you don't..."
Sigmund hits you from afar with a +0 scythe!
You die...

##..## ###.###..#
###.# #.# . #
###..## ######.#
#. <.....###
##......# #.#
###.....#
#####...#######.#
##.##.#
#............##.##
#..# .#
#.###...####.##...
#†###.### #.#
##.## #.##.##
#........ #@# #.#
#...... #..##.###
#.# #.#####.....†
#..# #@#
#..........## #..#
#.. .............
#..# #.#
#######.#.#<# #..#
#.# #........#.#
#..# #.#
#.####...... #..##
#.# ##.####.###..
###...#.###
........# ###


You could see Sigmund.

Vanquished Creatures
  A hound skeleton (D:2)
  An adder (D:2)
  2 worms (D:2)
  A dart slug (D:1)
  3 ball pythons
  3 endoplasms
  3 goblins
  2 hobgoblins
  3 jackals (D:2)
  5 quokkas
  4 bats
  5 rats
33 creatures vanquished.

Notes
Turn   | Place    | Note
-------+----------+-------------------------------------------
     0 | D:1      | Atelerd the Octopode Earth Elementalist began the quest for
                  | the Orb.
     0 | D:1      | Reached XP level 1. HP: 11/11 MP: 3/3
   190 | D:1      | Reached XP level 2. HP: 11/17 MP: 1/5
   865 | D:1      | Found a faded altar of an unknown god.
  1537 | D:2      | Reached XP level 3. HP: 21/21 MP: 4/6
  2104 | D:2      | Reached skill level 4 in Earth Magic
  2174 | D:2      | Reached XP level 4. HP: 25/27 MP: 5/8
  2215 | D:2      | Noticed Sigmund
  2220 | D:2      | Slain by Sigmund

Illustrated notes

Levels and vault maps discovered:
D:1:      minmay_arrival_four_houses, layout_loops_corners,
          shapermc_ecumenical_altar_flowoftime, minivault_5
D:2:      layout_loops_ring, grunt_decor_resistance, uniq_sigmund

Skill      XL: |  1  2  3 |
---------------+----------+-----
Earth Magic    | 4 |  4.2
Fighting       | |  0.3
Dodging        | |  2.0
Stealth        | |  2.6
Spellcasting   | |  2.8
Transmutations | |  1.0

Action                   |  1- 3 |  4- 6 || total
-------------------------+-------+-------++-------
Melee: Unarmed           |     4 |       ||     4
       Constrict         |     8 |       ||     8
       Tentacles         |     2 |       ||     2
       Dagger            |    16 |       ||    16
 Cast: Sandblast         |    43 |       ||    43
  Use: Potion            |       |     2 ||     2
 Stab: Sleeping          |     1 |       ||     1
Armor: Skin              |     2 |       ||     2
Dodge: Dodged            |    28 |       ||    28
